cohdb
Replays
Latest Replays
All Replays
Popular Replays
Top Player Replays
Match Explorer
How It Works
Community
CoH3 Stats
Reddit
Sign in to upload your games and track your stats! →
Sign in with Steam
Match 45963487
Unlisted
Match 45963487
Overview
Messages
Build Orders
End
Scout Squad
Selects Advanced Infantry Battlegroup
Construct Barracks
Riflemen Squad
Riflemen Squad
Construct Medical Station
Selects Artillery Observers
Infantry Support Center
Construct Weapon Support Center
Selects Convert to Ranger Squad
Bazooka Squad
Convert to Ranger Squad
Advanced Logistics
Selects Designate Assault Position
Selects Designate Assault Position
Engineer Squad
Designate Assault Position
Convert to Ranger Squad
Sniper
Construct Tank Depot
Selects M2A1 105mm Howitzer Emplacement
Selects Infantry Assault
Selects M2A1 105mm Howitzer Emplacement
Chieftain
Fire Chief Herrington☆
♂Maark♂
DebaKLeTV
Jæver
IPreferLoosing
0
0
Comments
sign in to comment!
No comments posted yet!